 Dungeon Crawl Stone Soup version 0.30-a0-241-g1121274140 (webtiles) character file.

Game seed: 8022303186758828547

6286 gelatine the Thaumaturge (level 11, -11/76 HPs)
             Began as a Djinni Air Elementalist on Oct 11, 2022.
             Was an Initiate of Ashenzari.
             Shot with a sling bullet by Joseph (12 damage)
             ... on level 9 of the Dungeon.
             The game lasted 00:33:49 (8634 turns).

gelatine the Thaumaturge (Djinni Air Elementalist)  Turns: 8634, Time: 00:33:49

Health: -11/76     AC: 11    Str: 13    XL:     11   Next: 15%
Gold:   480        EV: 14    Int: 20    God:    Ashenzari [......] SH:  0 Dex: 15

rFire   + + .      SeeInvis .    D - +3 short sword "Litub" {freeze, rElec rPois rC+}
rCold   . . .      Faith    .    (no shield)
rNeg    . . .      Spirit   .    e - +3 leather armour {rPois}
rPois   ∞          Reflect  .    (helmet restricted)
rElec   +          Harm     .    r - +2 cloak
rCorr   .          Rampage  .    x - +1 pair of gloves
Will    +....                    (boots unavailable)
Stlth   ++........               o - amulet of the acrobat
HPRegen 0.32/turn                f - +6 ring of strength
MPRegen 0.00/turn                (no ring)

@: flying
A: sickness immunity, fire resistance 2, cold vulnerability 1, float, innate
caster, HP casting, extra vitality 1, horns 1, wild magic 1
a: Renounce Religion, Curse Item


You were on level 9 of the Dungeon.
You worshipped Ashenzari.
Ashenzari was noncommittal.
You visited 2 branches of the dungeon, and saw 10 of its levels.
You also visited: Sewer.

You collected 480 gold pieces.

Inventory:

Hand Weapons
 D - the +3 short sword "Litub" (weapon) {freeze, rElec rPois rC+}
   (You found it on level 6 of the Dungeon)

   It freezes those it strikes, dealing additional cold damage.
   It can also slow down cold-blooded creatures.
   rC:        It protects you from cold.
   rElec:     It insulates you from electricity.
   rPois:     It protects you from poison.
 I - the +6 long sword of Iconoclasm {vorpal, rN+ Will+ rCorr}
   (You found it on level 8 of the Dungeon)

   It inflicts extra damage upon your enemies.
   rN:        It protects you from negative energy.
   rCorr:     It protects you from acid and corrosion.
   Will:      It increases your willpower.
Missiles
 A - 2 throwing nets
Armour
 e - a +3 leather armour of poison resistance (worn)
 m - a +1 helmet
 q - a +0 buckler
 r - a +2 cloak (worn)
 x - a +1 pair of gloves (worn)
Magical Staves
 a - a staff of cold
Jewellery
 f - a +6 ring of strength (left hand)
 o - an amulet of the acrobat (around neck)
Wands
 c - a wand of digging (9)
 B - a wand of paralysis (18)
 J - a wand of flame (12)
Scrolls
 b - 3 scrolls of teleportation
 g - 4 scrolls of blinking
 h - a scroll of poison {unknown}
 j - a scroll of vulnerability
 l - 3 scrolls of immolation
 n - a scroll of summoning
 p - a scroll of magic mapping {unknown}
 s - 3 scrolls of fog
 u - 4 scrolls of enchant weapon
 E - 2 scrolls of fear
 H - a scroll of amnesia {unknown}
Potions
 d - a potion of resistance
 v - 3 potions of curing
 w - 2 potions of might {unknown}
 z - 2 potions of magic {unknown}
 C - 2 potions of lignification
 F - a potion of invisibility
 G - 2 potions of brilliance {unknown}


   Skills:
 * Level 5.5 Fighting
 + Level 2.4 Short Blades
 + Level 3.7 Armour
 * Level 6.5 Dodging
 + Level 4.2 Stealth
 * Level 9.5 Spellcasting
 + Level 3.6 Evocations


You had 6 spell levels left.
You knew the following spells:

 Your Spells              Type           Power      Damage    Failure   Level
a - Shock                 Conj/Air       100%       1d9       1%          1
b - Static Discharge      Conj/Air       100%       2-7/arc   1%          2
c - Swiftness             Air            58%        N/A       1%          3
d - Airstrike             Air            29%        2d(5-21)  3%          4
e - Foxfire               Conj/Fire      100%       2x1d9     1%          1
f - Momentum Strike       Conj/Tloc      100%       3d10      1%          2
g - Ignite Poison         Fire/Tmut/Pois 58%        N/A       1%          3
h - Vhi's Electric Charg  Tloc/Air       100%       N/A       1%          3
i - Summon Ice Beast      Ice/Summ       58%        N/A       3%          4
Your spell library was empty.

Dungeon Overview and Level Annotations

Branches:
Dungeon (9/15)             Temple (1/1) D:5            Lair (0/5) D:8
  Sewer (visited)
    Orc: D:9-12

Altars:
Ashenzari
Cheibriados
Dithmenos
Elyvilon
Fedhas
Gozag
Hepliaklqana
Makhleb
Nemelex Xobeh
Okawaru
Qazlal
Ru
Trog
Uskayaw
Wu Jian
Xom
Yredelemnul
Zin
The Shining One

Shops:
D:1 :

Annotations:
D:9 Joseph


Innate Abilities, Weirdness & Mutations

You are immune to sickness and miasma.
You are immune to poison.
Your flesh is very heat resistant. (rF++)
You are vulnerable to cold. (rC-)
You float through the air rather than walking.
You learn spells naturally, not from books.
Your magical power is your life essence.
You have superior vitality. (+4 MHP)
You have a pair of small horns on your head.
Your spells are a little harder to cast, but a little more powerful.


Message History

Aim: Joseph, wielding a +0 quarterstaff and wearing a +0 ring mail (wandering, hasn't noticed you, empty space bonus: 4/8)
The air twists around and strikes Joseph!
Joseph is lightly wounded.
Joseph unwields a +0 quarterstaff.
Joseph wields a +8 sling.
Joseph shoots a sling bullet.
The sling bullet hits you.
Casting: Airstrike (dangerous; 3% risk of failure)
Confirm with . or Enter, or press ? or * to list all spells.
Aiming: Airstrike (dangerous; 3% risk of failure)
Press: ? - help, Dir - move target, f/p - Joseph
Aim: Joseph, wielding a +8 sling and wearing a +0 ring mail (lightly wounded, empty space bonus: 4/8)
The air twists around and strikes Joseph!
Joseph is heavily wounded.
* * * LOW HITPOINT WARNING * * *
Joseph shoots a sling bullet.
The sling bullet hits you!
* * * LOW HITPOINT WARNING * * *
Joseph shoots a sling bullet.
The sling bullet misses you.
You feel much better.
Joseph shoots a sling bullet.
The sling bullet hits you.
Joseph shoots a sling bullet.
The sling bullet hits you!
* * * LOW HITPOINT WARNING * * *
Joseph shoots a sling bullet.
The sling bullet hits you!
* * * LOW HITPOINT WARNING * * *
Casting: Airstrike (dangerous; 3% risk of failure)
Confirm with . or Enter, or press ? or * to list all spells.
Aiming: Airstrike (dangerous; 3% risk of failure)
Press: ? - help, Dir - move target, f/p - Joseph
Aim: Joseph, wielding a +8 sling and wearing a +0 ring mail (heavily wounded, empty space bonus: 8/8)
The air twists around and strikes Joseph!!
Joseph is severely wounded.
* * * LOW HITPOINT WARNING * * *
Joseph shoots a sling bullet.
The sling bullet misses you.
Casting: Airstrike (dangerous; 3% risk of failure)
Confirm with . or Enter, or press ? or * to list all spells.
Aiming: Airstrike (dangerous; 3% risk of failure)
Press: ? - help, Dir - move target, f/p - Joseph
Aim: Joseph, wielding a +8 sling and wearing a +0 ring mail (severely wounded, empty space bonus: 8/8)
The air twists around and strikes Joseph.
Joseph is severely wounded.
* * * LOW HITPOINT WARNING * * *
Joseph shoots a sling bullet.
The sling bullet hits you!
You die...

........)......#<....#.
....>...†@......#.....#.
..............[.#.(...#.
................#.....#.
................#.....#.
................#.....#.
................#.....#.
................#.....#.
.......@................
........................
....[...................
........................
........................
........................
........................
........................
......................


You could see Joseph.

Vanquished Creatures
  A komodo dragon (D:7)
  Grinder (D:3)
  4 wyverns
  10 yaks
  A steam dragon (D:6)
  2 basilisks (D:8)
  Menkaure (D:7)
  An acid dragon (D:9)
  4 water moccasins
  A black bear (D:7)
  2 centaurs
  3 phantoms
  3 bullfrogs
  A necrophage (D:5)
  4 scorpions
  11 wights
  8 killer bees
  A howler monkey (D:9)
  2 hounds
  4 orc priests
  2 jellies (D:4)
  4 iguanas
  Ijyb (D:4)
  5 orc wizards
  A hell rat (Sewer)
  Robin (D:3)
  10 gnolls
  2 river rats (Sewer)
  8 adders
  A shadow imp (D:6)
  2 ufetubi
  2 dart slugs
  A worm (D:5)
  31 orcs
  2 bats (D:3)
  6 endoplasms
  3 giant cockroaches
  14 goblins
  11 hobgoblins
  9 quokkas
  8 ball pythons
  6 frilled lizards
  A hobgoblin zombie (D:9)
  5 kobolds
  8 rats
209 creatures vanquished.

Vanquished Creatures (collateral kills)
  A wight (D:9)
1 creature vanquished.

Vanquished Creatures (others)
  11 foxfires
  8 fungi
  9 plants (D:8)
28 creatures vanquished.

Grand Total: 238 creatures vanquished

Notes
Turn   | Place    | Note
-------+----------+-------------------------------------------
     0 | D:1      | gelatine the Djinni Air Elementalist began the quest for
                  | the Orb.
     0 | D:1      | gelatine set off with the following spells memorised:
                  | Shock, Static Discharge, Swiftness, Airstrike.
     0 | D:1      | Reached XP level 1. HP: 15/15 MP: 0/0
   208 | D:1      | Found Ytoazy's Book Shop.
   421 | D:1      | Reached XP level 2. HP: 20/21 MP: 0/0
  1145 | D:2      | Reached skill level 3 in Spellcasting
  1279 | D:2      | Reached XP level 3. HP: 23/25 MP: 0/0
  1279 | D:2      | Learned a level 1 spell: Foxfire
  1337 | D:2      | Reached XP level 4. HP: 17/31 MP: 0/0
  1965 | D:3      | Reached XP level 5. HP: 34/35 MP: 0/0
  1965 | D:3      | Learned a level 2 spell: Momentum Strike
  2038 | D:3      | Noticed Grinder
  2054 | D:3      | Killed Grinder
  2055 | D:3      | Reached skill level 4 in Spellcasting
  2055 | D:3      | Reached XP level 6. HP: 29/40 MP: 0/0
  2113 | D:3      | Noticed Robin
  2119 | D:3      | Killed Robin
  2540 | D:4      | Reached skill level 5 in Spellcasting
  2591 | D:4      | Reached XP level 7. HP: 21/46 MP: 0/0
  2591 | D:4      | Learned a level 3 spell: Ignite Poison
  2594 | D:4      | Gained mutation: You are dopey. (Int -2) [potion of
                  | mutation]
  2594 | D:4      | Gained mutation: You are somewhat resistant to further
                  | mutation. [potion of mutation]
  2762 | D:3      | Lost mutation: You are somewhat resistant to further
                  | mutation. [potion of mutation]
  2762 | D:3      | Lost mutation: You are dopey. (Int -2) [potion of mutation]
  2762 | D:3      | Gained mutation: You have a pair of small horns on your
                  | head. [potion of mutation]
  2763 | D:3      | Lost mutation: You have a pair of small horns on your head.
                  | [potion of mutation]
  2763 | D:3      | Gained mutation: Your mind is acute. (Int +4, Str/Dex -1)
                  | [potion of mutation]
  2763 | D:3      | Gained mutation: You sometimes lose your temper in combat.
                  | [potion of mutation]
  2763 | D:3      | Gained mutation: You have a pair of small horns on your
                  | head. [potion of mutation]
  2822 | D:4      | Noticed Ijyb
  2830 | D:4      | Killed Ijyb
  2834 | D:4      | Lost mutation: You have a pair of small horns on your head.
                  | [potion of mutation]
  2834 | D:4      | Lost mutation: Your mind is acute. (Int +4, Str/Dex -1)
                  | [potion of mutation]
  2834 | D:4      | Lost mutation: You sometimes lose your temper in combat.
                  | [potion of mutation]
  3464 | D:5      | Entered Level 5 of the Dungeon
  3464 | D:5      | Noticed a water moccasin
  3565 | D:5      | Reached skill level 1 in Fighting
  3633 | D:5      | Reached skill level 6 in Spellcasting
  3690 | D:5      | Reached XP level 8. HP: 36/52 MP: 0/0
  3694 | D:5      | Reached skill level 1 in Armour
  3694 | D:5      | Reached skill level 1 in Evocations
  3952 | D:5      | Identified the +4 spear of Yniw {vorpal, rPois MP+9 Str+2
                  | Int-4}
  4032 | D:5      | Found a glowing silver altar of Zin.
  4058 | D:5      | Found a staircase to the Ecumenical Temple.
  4130 | Temple   | Entered the Ecumenical Temple
  4243 | Temple   | Became a worshipper of Ashenzari the Shackled
  4748 | D:6      | Reached XP level 9. HP: 33/59 MP: 0/0
  4748 | D:6      | Learned a level 3 spell: Vhi's Electric Charge
  4850 | D:6      | Identified the +3 short sword "Litub" {freeze, rElec rPois
                  | rC+}
  4886 | D:6      | Found a glowing drain.
  4895 | Sewer    | Entered a sewer
  5172 | D:6      | Reached skill level 7 in Spellcasting
  5277 | D:6      | Found a hazy altar of Hepliaklqana.
  5772 | D:6      | Gained mutation: Your spells are a little harder to cast,
                  | but a little more powerful. [potion of mutation]
  5772 | D:6      | Gained mutation: You have a pair of small horns on your
                  | head. [potion of mutation]
  5820 | D:7      | Found a blossoming altar of Fedhas.
  5820 | D:7      | Found a shadowy altar of Dithmenos.
  5825 | D:7      | Found a white marble altar of Elyvilon.
  6098 | D:7      | Noticed Menkaure
  6107 | D:7      | Killed Menkaure
  6202 | D:7      | Reached skill level 1 in Short Blades
  6280 | D:7      | Found an opulent altar of Gozag.
  6538 | D:7      | Noticed a komodo dragon
  6544 | D:7      | Killed a komodo dragon
  6545 | D:7      | Reached skill level 5 in Dodging
  6545 | D:7      | Reached XP level 10. HP: 56/67 MP: 0/0
  7002 | D:8      | Identified the +6 long sword of Iconoclasm {vorpal, rN+
                  | Will+ rCorr}
  7064 | D:8      | Reached skill level 8 in Spellcasting
  7436 | D:8      | Reached skill level 5 in Fighting
  7605 | D:8      | Found a bloodstained altar of Trog.
  7843 | D:8      | Found a staircase to the Lair.
  8115 | D:9      | Reached skill level 9 in Spellcasting
  8263 | D:9      | Reached XP level 11. HP: 64/76 MP: 0/0
  8263 | D:9      | Learned a level 4 spell: Summon Ice Beast
  8621 | D:9      | Noticed Joseph
  8634 | D:9      | Shot with a sling bullet by Joseph

Illustrated notes

Levels and vault maps discovered:
D:1:      saegor_arrival_simple_e, layout_loops_corners, serial_shops, shop,
          chequers_mini_garden, minmay_misc_feat_alley, st_stairs_5,
          minmay_misc_feat_tower
D:2:      layout_loops_ring, bh_walls_and_bars
D:3:      layout_rooms, chequers_serial_rivers_room_b, uniq_robin, uniq_grinder
D:4:      layout_rooms, uniq_ijyb
D:5:      layout_rooms, mainiacjoe_overflow_concentric_impassable,
          minmay_temple_entry_proselytizer
D:6:      layout_rooms, mainiacjoe_overflow_boulevard, gup_sewer_entry_pipe
D:7:      layout_cave_pods, grunt_temple_overflow_open, grunt_gozag_breadcrumbs,
          uniq_menkaure
D:8:      layout_rooms, mainiacjoe_overflow_six_doors_small,
          minmay_lair_entry_grove
D:9:      layout_grid_maze, zombieorc2_lemuel, uniq_joseph
Temple:   dshaligram_water_room_temple

Skill      XL: |  1  2  3  4  5  6  7  8  9 10 |
---------------+-------------------------------+-----
Spellcasting   | 3 4 5 6 7 9 |  9.5
Dodging        | 3 4 5 6 |  6.5
Stealth        | 2 3 4 |  4.2
Fighting       | 1 2 3 5 |  5.5
Armour         | 2 3 |  3.7
Evocations     | 2 3 |  3.6
Short Blades   | 1 2 |  2.4

Action                   |  1- 3 |  4- 6 |  7- 9 | 10-12 || total
-------------------------+-------+-------+-------+-------++-------
Melee: Dagger            |       |     1 |     1 |       ||     2
       Short sword       |       |       |    25 |    58 ||    83
       Headbutt          |       |       |     1 |    16 ||    17
       Punch             |       |       |     1 |     2 ||     3
 Cast: Shock             |    47 |    79 |   236 |    51 ||   413
       Static Discharge  |     1 |     9 |    36 |    11 ||    57
       Foxfire           |       |     6 |     1 |       ||     7
       Momentum Strike   |       |     1 |       |       ||     1
       Airstrike         |       |       |    10 |    48 ||    58
       Swiftness         |       |       |       |     2 ||     2
       Summon Ice Beast  |       |       |       |     1 ||     1
  Use: Potion            |       |       |     9 |     2 ||    11
       Scroll            |       |       |    11 |     3 ||    14
Armor: Robe              |     2 |     3 |     2 |       ||     7
       Leather armour    |       |       |    36 |    25 ||    61
Dodge: Dodged            |     4 |    14 |    70 |    46 ||   134

Table legend: (Time is in decaauts)
 A = Elapsed time spent in this place.
 B = Non-inter-level travel time spent in this place.
 C = Inter-level travel time spent in this place.
 D = Time resting spent in this place.
 E = Time spent auto-exploring this place.
 F = Levels seen in this place.
 G = Mean time per level.
                   A        B        C        D        E       F      G
               +--------+--------+--------+--------+--------+-----+--------+
         Total |   8607 |   8209 |    398 |    280 |   6501 |  11 |  782.5 |
       Dungeon |   8252 |   7916 |    336 |    280 |   6257 |   9 |  916.9 |
        Temple |    133 |     71 |     62 |      0 |     60 |   1 |  133.0 |
         Sewer |    220 |    220 |      0 |      0 |    184 |   1 |  220.0 |
               +--------+--------+--------+--------+--------+-----+--------+

Top non-repeatable levels by time:
     D:7: 1373 daAuts
     D:1: 1130 daAuts
     D:6: 946 daAuts
     D:8: 899 daAuts
     D:5: 891 daAuts
     D:4: 868 daAuts
     D:3: 819 daAuts
     D:2: 767 daAuts
     D:9: 554 daAuts
   Sewer: 220 daAuts
  Temple: 133 daAuts
